cohdb
Replays
Latest Replays
All Replays
Popular Replays
Top Player Replays
Match Explorer
How It Works
Community
CoH3 Stats
Reddit
Sign in to upload your games and track your stats! →
Sign in with Steam
Match 39252261
Unlisted
Match 39252261
Overview
Messages
Build Orders
End
Selects Italian Combined Arms Battlegroup
Selects Bersaglieri Squad
Bersaglieri Squad
250 Light Carrier
Bersaglieri Squad
Construct Light Support Kompanie
Combat Half-tracks
Bersaglieri Squad
Fire Support Elements
Panzerjäger Mechanized Group
Selects Bersaglieri Bolster
MG34 Team
Construct Panzerarmee Kommand
Construct Panzerarmee Kommand
Panzer III L Medium Tank
Tungsten Core Ammunition
Selects Semovente da 75/18 Assault Gun
Selects Strafing Run
Emergency Repair Kits
Advanced Optics
Panzer III L Medium Tank
Selects Artillery Cover
Strafing Run
Walking Stuka Rocket Launcher
Armored Reserves
Emergency Repair Kits
Selects Breda Model 30 Light Machine Guns
Rapid Advance
Vehicle Survival Package
Strafing Run
Artillery Cover
Tiger Heavy Tank
incel_incinerat0r
Tenshi
Bego
mariopl97
0
0
Comments
sign in to comment!
No comments posted yet!